 Dungeon Crawl Stone Soup version 0.29-a0-330-g52719c12eb (webtiles) character file.

Game seed: 13393924262316436004

2648 kae the Firebug (level 9, -8/59 HPs)
             Began as an Octopode Fire Elementalist on Apr 18, 2022.
             Killed by divine providence
             ... invoked by an orc priest
              (13 damage)
             ... on level 7 of the Dungeon.
             The game lasted 00:06:42 (10561 turns).

kae the Firebug (Octopode Fire Elementalist)       Turns: 10561, Time: 00:06:42

Health: -8/59      AC:  1    Str:  8    XL:     9   Next: 62%
Magic:  5/15       EV: 14    Int: 21    God:
Gold:   478        SH:  5    Dex: 12    Spells: 2/16 levels left

rFire   . . .      SeeInvis +   c - +1 dagger
rCold   . . .      Faith    .   (no shield)
rNeg    . . .      Spirit   .   (helmet restricted)
rPois   .          Reflect  +   d - amulet of reflection
rElec   .          Harm     .   i - ring of see invisible
rCorr   .          Rampage  .   (no ring)
Will    .....                   (no ring)
Stlth   ++++......              (no ring)
HPRegen 0.19/turn               (no ring)
MPRegen 0.14/turn               (no ring)
                                (no ring)
                                (no ring)

@: studying Long Blades
A: almost no armour, amphibious, 8 rings, camouflage 1, gelatinous body 1,
(nimble swimmer 1), tentacles
a: no special abilities


You were on level 7 of the Dungeon.
You visited 1 branch of the dungeon, and saw 7 of its levels.
You also visited: Ossuary.

You collected 478 gold pieces.

Inventory:

Hand Weapons
 c - a +1 dagger (weapon)
 e - the +1 falchion of Scorn {elec, rF+ Dex+5 SInv}
   (You found it on level 4 of the Dungeon)

   It occasionally discharges a powerful burst of electricity upon striking a
   foe.
   Dex:       It affects your dexterity (+5).
   rF:        It protects you from fire.
   SInv:      It lets you see invisible.
Jewellery
 d - an amulet of reflection (around mantle)
 i - a ring of see invisible (left tentacle)
Wands
 b - a wand of mindburst (27)
 g - a wand of paralysis (13)
Scrolls
 f - 4 scrolls of enchant weapon
 o - a scroll of enchant armour
 p - a scroll of amnesia
 s - a scroll of magic mapping
 t - a scroll of teleportation
Potions
 a - a potion of magic
 h - a potion of haste
 j - a potion of brilliance {unknown}
 k - a potion of lignification
 l - a potion of ambrosia {unknown}
 m - 2 potions of invisibility
 n - 3 potions of flight {unknown}
 q - 2 potions of might {unknown}
 r - 3 potions of mutation {unknown}


   Skills:
 + Level 4.4 Fighting
 + Level 4.8 Dodging
 + Level 6.7 Stealth
 + Level 4.4 Spellcasting
 + Level 4.5 Conjurations
 * Level 7.3 Fire Magic
 + Level 4.4 Evocations


You had 2 spell levels left.
You knew the following spells:

 Your Spells              Type           Power      Damage    Failure   Level
a - Foxfire               Conj/Fire      100%       2x1d9     1%          1
b - Scorch                Fire           70%        2d8       1%          2
c - Conjure Flame         Conj/Fire      29%        6-21      3%          3
d - Inner Flame           Hex/Fire       19%        N/A       8%          3
e - Flame Wave            Conj/Fire      29%        2d8       10%         4
f - Apportation           Tloc           8%         N/A       12%         1

Your spell library contained the following spells:

 Spells                   Type           Power      Damage    Failure   Level
 Slow                     Hex            16%        N/A       12%         1
 Confusing Touch          Hex            4%         N/A       34%         3
 Vampiric Draining        Necr           4%         2d6       34%         3
 Alistair's Intoxication  Tmut/Pois      2%         N/A       97%         5


Dungeon Overview and Level Annotations

Branches:
Dungeon (7/15)            Ossuary (visited)
 Temple: D:4-7

Altars:

Shops:
D:3 (   D:4 [


Innate Abilities, Weirdness & Mutations

You cannot wear most types of armour.
You are amphibious.
You can wear up to eight rings at the same time.
Your skin changes colour to match your surroundings (Stealth+).
Your rubbery body absorbs attacks. (AC +1, EV +1)
((You are camouflaged when in or above water. (Stealth+)))
You have tentacles for arms and can constrict up to eight enemies at once.


Message History

The orc priest begins to cast a cantrip, but forgets the words!
The foxfire hits the orc priest but does no damage.
The orc priest is almost dead.
The foxfire hits the orc priest but does no damage.
The orc priest is almost dead.
Casting: Foxfire (safe; 1% risk of failure)
Confirm with . or Enter, or press ? or * to list all spells.
You conjure some foxfire!
The orc priest barely misses you.
The foxfire hits the orc priest but does no damage.
The orc priest is almost dead.
The orc wizard casts a spell at you.
You easily resist.
Casting: Foxfire (safe; 1% risk of failure)
Confirm with . or Enter, or press ? or * to list all spells.
Flames lash the orc wizard.
The orc wizard is severely wounded.
The orc wizard's fire resistance burns away.
The orc priest calls down the wrath of Beogh upon you.
Beogh smites you!
The orc wizard casts a spell.
The orc wizard flickers and vanishes for a moment.
The orc priest calls upon Beogh to heal the orc priest.
The orc wizard is healed somewhat.
Casting: Scorch (safe; 1% risk of failure)
Confirm with . or Enter, or press ? or * to list all spells.
Flames lash the orc priest.
You kill the orc priest!
The orc priest mumbles some strange prayers to Beogh against you.
Beogh smites you!
* * * LOW HITPOINT WARNING * * *
The orc wizard hits you with a +0 dagger.
* * * LOW HITPOINT WARNING * * *
The orc priest looks encouraged for a moment.
Casting: Scorch (safe; 1% risk of failure)
Confirm with . or Enter, or press ? or * to list all spells.
Flames lash the orc wizard.
The orc wizard is burned terribly!
You kill the orc wizard!
The orc priest invokes the aid of Beogh against you.
Beogh smites you!
You die...

#.#..#.#
#....|# #.
#.##.#.#
####### ..
#......#
..
####.###
#.# #.# #
#.# ..#
#)###.....
#@o..)....
#######.##


You could see an orc priest.

Vanquished Creatures
  Menkaure (D:7)
  An ice beast (D:6)
  3 sky beasts
  3 ogres
  Blork the orc (D:5)
  A bullfrog (D:6)
  5 scorpions
  A gnoll sergeant (D:7)
  2 necrophages (D:6)
  9 wights
  A howler monkey (D:5)
  An electric eel (D:7)
  5 orc priests
  2 hounds
  A jelly (D:6)
  An iguana (D:7)
  5 orc wizards
  8 mummies (Ossuary)
  Robin (D:4)
  4 adders
  9 gnolls
  A shadow imp (D:6)
  2 ufetubi (D:4)
  2 dart slugs
  16 orcs
  7 endoplasms
  3 giant cockroaches
  14 goblins
  9 hobgoblins
  9 kobolds
  5 quokkas
  4 ball pythons
  3 bats
  3 frilled lizards
  2 hobgoblin zombies (Ossuary)
  2 kobold zombies (Ossuary)
  4 orc zombies (Ossuary)
  6 rats
157 creatures vanquished.

Vanquished Creatures (others)
  An orc wizard (D:6)
  441 foxfires
  8 plants (D:3)
450 creatures vanquished.

Grand Total: 607 creatures vanquished

Notes
Turn   | Place    | Note
-------+----------+-------------------------------------------
     0 | D:1      | kae the Octopode Fire Elementalist began the quest for the
                  | Orb.
     0 | D:1      | Reached XP level 1. HP: 11/11 MP: 3/3
   495 | D:1      | Reached XP level 2. HP: 17/17 MP: 3/5
  1648 | D:2      | Reached XP level 3. HP: 22/22 MP: 3/6
  1651 | D:2      | Learned a level 2 spell: Scorch
  1655 | D:2      | Learned a level 3 spell: Conjure Flame
  2543 | D:3      | Reached skill level 1 in Fighting
  2655 | D:3      | Found Qoosire's Weapon Emporium.
  2836 | D:3      | Reached XP level 4. HP: 27/28 MP: 7/7
  3314 | D:4      | Found Linihaut's Antique Armour Emporium.
  3384 | D:4      | Identified the +1 falchion of Scorn {elec, rF+ Dex+5 SInv}
  3495 | D:4      | Found a sand-covered staircase.
  3506 | D:4      | Reached skill level 4 in Fire Magic
  3506 | D:4      | Reached skill level 1 in Evocations
  3506 | D:4      | Reached XP level 5. HP: 23/33 MP: 1/8
  3594 | Ossuary  | Entered an ossuary
  4238 | Ossuary  | Reached XP level 6. HP: 39/39 MP: 4/9
  4550 | D:4      | Identified the +0 helmet of Magic {Rampage rCorr}
  4550 | D:4      | Noticed Robin
  4674 | D:4      | Killed Robin
  5136 | D:4      | Learned a level 1 spell: Apportation
  5597 | D:5      | Entered Level 5 of the Dungeon
  5605 | D:5      | Noticed a sky beast
  5880 | D:5      | Reached XP level 7. HP: 34/45 MP: 2/11
  6013 | D:5      | Noticed Blork the orc
  6022 | D:5      | Killed Blork the orc
  6109 | D:5      | Reached skill level 5 in Fire Magic
  6339 | D:5      | Learned a level 3 spell: Inner Flame
  7032 | D:4      | Reached skill level 5 in Stealth
  7032 | D:4      | Reached XP level 8. HP: 50/50 MP: 7/12
  7828 | D:6      | Reached skill level 6 in Fire Magic
  8166 | D:6      | Reached XP level 9. HP: 21/58 MP: 1/14
  9233 | D:6      | Learned a level 4 spell: Flame Wave
  9305 | D:7      | Noticed Menkaure
  9310 | D:7      | Killed Menkaure
  9311 | D:7      | Reached skill level 7 in Fire Magic
 10561 | D:7      | Killed from afar by an orc priest

Illustrated notes

Levels and vault maps discovered:
D:1:      wander_arrival_chamber, layout_basic
D:2:      layout_loops_cross, st_stairs_7
D:3:      layout_rooms, serial_shops, nicolae_shop_bloodbath_and_beyond,
          lexackson_kobold_supper
D:4:      layout_loops_corners, serial_shops, nicolae_shop_waterfront,
          nicolae_ossuary_entry_ruins, uniq_robin
D:5:      layout_rooms, uniq_blork_the_orc
D:6:      layout_basic, nrook_mini_backslash, kennysheep_windowed_goal
D:7:      layout_loops_cross, minmay_temple_entry_poolview,
          minmay_crystal_water, uniq_menkaure

Skill      XL: |  1  2  3  4  5  6  7  8  9 |
---------------+----------------------------+-----
Stealth        | 3 4 5 6 |  6.7
Fighting       | 1 2 3 4 |  4.4
Conjurations   | 2 3 4 |  4.5
Fire Magic     | 4 5 6 7 |  7.3
Evocations     | 1 2 3 4 |  4.4
Dodging        | 3 4 |  4.8
Spellcasting   | 3 4 |  4.4

Action                   |  1- 3 |  4- 6 |  7- 9 || total
-------------------------+-------+-------+-------++-------
Melee: Tentacles         |    10 |     8 |       ||    18
       Constrict         |    13 |    10 |     1 ||    24
       Unarmed           |     1 |       |       ||     1
       Dagger            |    35 |    36 |    22 ||    93
       Punch             |     2 |       |     1 ||     3
 Cast: Foxfire           |    47 |    92 |   135 ||   274
       Scorch            |    10 |    18 |    64 ||    92
       Conjure Flame     |       |     3 |    12 ||    15
  Use: Scroll            |     4 |     6 |     3 ||    13
       Potion            |       |     1 |    10 ||    11
 Stab: Sleeping          |       |     1 |       ||     1
Armor: Skin              |     4 |     4 |    24 ||    32
Dodge: Dodged            |    34 |    28 |    41 ||   103
Block: Other             |     4 |    14 |    22 ||    40
       Reflection        |       |     1 |     1 ||     2

Table legend: (Time is in decaauts)
 A = Elapsed time spent in this place.
 B = Non-inter-level travel time spent in this place.
 C = Inter-level travel time spent in this place.
 D = Time resting spent in this place.
 E = Time spent auto-exploring this place.
 F = Levels seen in this place.
 G = Mean time per level.
                   A        B        C        D        E       F      G
               +--------+--------+--------+--------+--------+-----+--------+
         Total |  10555 |  10289 |    266 |   2259 |   6349 |   8 | 1319.4 |
       Dungeon |   9647 |   9381 |    266 |   1894 |   5956 |   7 | 1378.1 |
       Ossuary |    907 |    907 |      0 |    365 |    393 |   1 |  907.0 |
               +--------+--------+--------+--------+--------+-----+--------+

Top non-repeatable levels by time:
     D:6: 1989 daAuts
     D:4: 1790 daAuts
     D:5: 1522 daAuts
     D:1: 1335 daAuts
     D:2: 1109 daAuts
     D:7: 987 daAuts
     D:3: 912 daAuts
 Ossuary: 907 daAuts
